 Dungeon Crawl Stone Soup version 0.27.1-34-g3ba077fa99 (webtiles) character file.

Game seed: 301886092828865679

114 cbfl8 the Shooter (level 4, 0/36 HPs)
             Began as a Minotaur Wanderer on Jan 18, 2022.
             Killed from afar by an orc wizard (9 damage)
             ... with a puff of flame
             ... on level 3 of the Dungeon.
             The game lasted 00:12:04 (4585 turns).

cbfl8 the Shooter (Minotaur Wanderer)               Turns: 4585, Time: 00:12:04

Health: 0/36       AC:  5    Str: 17    XL:     4   Next: 67%
Magic:  3/3        EV: 10    Int: 10    God:
Gold:   85         SH:  0    Dex:  9    Spells: 3/3 levels left

rFire    . . .     SeeInvis .   a - +2 shortbow
rCold    . . .     Faith    .   (shield currently unavailable)
rNeg     . . .     Spirit   .   c - +0 ring mail
rPois    .         Reflect  .   (helmet restricted)
rElec    .         Harm     .   (no cloak)
rCorr    .         Rampage  .   (no gloves)
Will     .....                  (no boots)
Stlth    ..........             (no amulet)
HPRegen  0.12/turn              (no ring)
MPRegen  0.08/turn              (no ring)

@: confused
A: horns 2, retaliatory headbutt
a: no special abilities


You were on level 3 of the Dungeon.
You visited 1 branch of the dungeon, and saw 3 of its levels.

You collected 85 gold pieces.

Inventory:

Hand Weapons
 a - a +2 shortbow (weapon)
 e - a +0 short sword
 g - a +1 vampiric short sword
 h - a +0 rapier
Missiles
 b - 40 arrows (quivered ammo)
Armour
 c - a +0 ring mail (worn)
Scrolls
 i - 2 scrolls of enchant weapon {unknown}
 j - 2 scrolls of identify {unknown}
 l - a scroll of blinking {unknown}
Potions
 d - 4 potions of curing
 f - 3 potions of heal wounds {unknown}
 k - a potion of cancellation {unknown}


   Skills:
 + Level 2.0 Fighting
 + Level 2.4 Short Blades
 + Level 6.1 Bows
 + Level 3.5 Armour
 + Level 0.7 Dodging
 + Level 0.1 Stealth
 + Level 2.4 Shields


You had 3 spell levels left.
You didn't know any spells.
Your spell library was empty.

Dungeon Overview and Level Annotations

Branches:
Dungeon (3/15)

Altars:
Sif Muna

Annotations:
D:2 Sigmund


Innate Abilities, Weirdness & Mutations

You have a pair of horns on your head.
You reflexively headbutt those who attack you in melee.


Message History

You don't know any spells.
Sorry, you're not good enough to have a special ability.
You feel the dreadful sensation subside.
a - a +2 shortbow (weapon)
Fire: 42 arrows
Press: ? - help, Q - select action Shift-Dir - straight line, f - orc wizard
Aim: an orc wizard, wielding a +0 dagger and wearing a +0 robe (55% to hit)
You shoot an arrow.
The arrow closely misses the orc wizard.
The orc wizard gestures wildly while chanting.
The orc wizard flickers and vanishes!
Deactivating autopickup; reactivate with Ctrl-A.
The orc wizard mumbles some strange words.
The orc wizard flickers and vanishes!
Fire: 41 arrows
Press: ? - help, Q - select action Shift-Dir - straight line You shoot an arrow.
You are confused.
You hear some strange, mumbled words.
A puff of flame appears from out of thin air!
The puff of flame hits you.
You nearly stumble into some deep water!
You hear some strange, mumbled words.
You are more confused.
You are engulfed in a cloud of scalding steam.
You bump into the crystal wall.
A magic dart appears from out of thin air!
The magic dart hits you.
You hear some strange, mumbled words.
Something tries to affect you, but you resist.
You nearly stumble into some deep water!
You hear some strange, mumbled words.
You are more confused.
A magic dart appears from out of thin air!
The magic dart hits you!
* * * LOW HITPOINT WARNING * * *
There is an open door, spattered with blood here.
A puff of flame appears from out of thin air!
The puff of flame hits you!
You die...

##.#.######.##)#
###........##.##.#
.......###.##[##.#
.#.....###.##.##.#
.##..........######
.##..#.###...##.{{#
.....#.# ######≈§≈#
.###.#.# #...#
.......# #.@.#
####.### ###'###
####.# #.8.8.#
..##.# #.._..#
#.##.#### ##...##
........# ##.##
..#..##.# #.#
........# #.#
#.#.....########.##


There were no monsters in sight!

Vanquished Creatures
  2 adders (D:3)
  2 worms
  3 dart slugs
  3 orcs (D:3)
  3 ball pythons
  6 endoplasms
  3 giant cockroaches
  11 goblins
  7 hobgoblins
  3 jackals (D:1)
  6 quokkas
  9 bats
  5 frilled lizards
  6 kobolds
  6 rats
75 creatures vanquished.

Notes
Turn   | Place    | Note
-------+----------+-------------------------------------------
     0 | D:1      | cbfl8 the Minotaur Wanderer began the quest for the Orb.
     0 | D:1      | cbfl8 set off with the following items: a +2 shortbow, 25
                  | arrows, a +0 ring mail, a potion of curing
     0 | D:1      | Reached XP level 1. HP: 16/16 MP: 0/0
   394 | D:1      | Reached XP level 2. HP: 21/23 MP: 1/1
   577 | D:1      | Reached skill level 6 in Bows
  1112 | D:1      | Reached XP level 3. HP: 28/28 MP: 2/2
  2181 | D:1      | Found a faded altar of an unknown god.
  2234 | D:2      | Noticed Sigmund
  2596 | D:2      | Reached skill level 1 in Short Blades
  2842 | D:2      | Reached XP level 4. HP: 36/36 MP: 3/3
  4317 | D:3      | Found a shimmering blue altar of Sif Muna.
  4585 | D:3      | Killed from afar by an orc wizard

Illustrated notes

Levels and vault maps discovered:
D:1:      ebering_hopf_link, layout_basic,
          dreamdust_ecumenical_altar_hidden_monk_grotto,
          chequers_serial_rivers_small_b
D:2:      layout_rooms, amethyst_killhole, kennysheep_donut, uniq_sigmund
D:3:      layout_loops_corners, led_sif_book, minmay_misc_feat_secret_circle

Skill      XL: |  1  2  3  4 |
---------------+-------------+-----
Bows           | 6 |  6.1
Armour         | 3 |  3.5
Short Blades   | 1 2 |  2.4
Fighting       | 2 |  2.0
Dodging        | |  0.7
Stealth        | |  0.1
Shields        | |  2.4

Action                   |  1- 3 |  4- 6 || total
-------------------------+-------+-------++-------
Melee: Short sword       |   123 |    50 ||   173
       Shortbow          |     6 |       ||     6
       Headbutt          |    15 |     6 ||    21
 Fire: Shortbow          |     4 |     2 ||     6
Armor: Ring mail         |    94 |    24 ||   118
Dodge: Dodged            |   111 |    32 ||   143
